Get step-by-step instructions on how to execute this build order below. Start the game timer, and the build order will tick by so you can play in parallel with StarCraft on a second screen or mobile device.

Game Time

  0:00

Last Step

  N/A

Next Step

Upcoming Step



Don't want to look back and forth between 2 screens? Try out our Overwolf App, the Spawning Tool Build Advisor to get an in-game overlay with this build!

Complete Build Order

  12  0:01  Drone  
  13  0:12  Overlord  
  13  0:17  Drone  
  14  0:31  Drone x2  
  16  0:48  Hatchery  
  15  0:51  Drone  
  15  0:55  Drone  
  17  0:58  Drone  
  18  1:09  Extractor  
  17  1:13  Spawning Pool  
  17  1:16  Drone  
  17  1:19  Drone  
  18  1:28  Drone  
  19  1:39  Drone  
  20  1:50  Drone  
  21  2:00  Queen x2  
  21  2:01  Zergling x4  
  27  2:11  Drone, Metabolic Boost  
  27  2:12  Overlord  
  28  2:31  Drone, Hatchery  
  28  2:32  Drone  
  28  2:34  Drone  
  30  2:38  Drone  
  31  2:44  Queen  
  33  2:52  Queen  
  33  2:54  Zergling x2  
  33  2:58  Overlord  
  36  3:02  Extractor  
  36  3:03  Extractor  
  36  3:04  Zergling x4  
  38  3:16  Zergling x2  
  38  3:17  Zergling x10  
  44  3:27  Overlord  
  44  3:33  Zergling x2  
  43  3:36  Queen  
  43  3:40  Zergling x2  
  43  3:42  Queen  
  43  3:43  Zergling x2  
  43  3:45  Queen  
  46  3:52  Drone x3  
  49  4:00  Drone x3  
  52  4:05  Overlord  
  52  4:07  Drone x3  
  56  4:10  Drone  
  56  4:11  Drone  
  56  4:15  Drone  
  58  4:29  Overlord  
  58  4:30  Drone x8  
  66  4:39  Overlord  
  66  4:50  Drone x3  
  66  4:51  Queen  
  66  4:52  Queen  
  73  4:53  Overlord  
  73  4:57  Drone, Queen  
  73  4:58  Drone x2  
  73  4:59  Drone x2  
  80  5:01  Drone  
  81  5:08  Extractor  
  81  5:09  Overlord  
  81  5:12  Hatchery  
  79  5:14  Drone x2  
  79  5:15  Drone x2  
  79  5:20  Drone x4  
  87  5:26  Overlord  
  87  5:29  Extractor  
  87  5:32  Zergling x2  
  87  5:33  Zergling x16  
  87  5:34  Zergling x2  
  95  5:43  Zergling x2  
  95  5:44  Overlord  
  95  5:45  Lair  
  95  5:49  Zergling x2  
  97  5:52  Queen x2  
  97  5:56  Overlord  
  100  6:01  Zergling x10  
  101  6:13  Zergling x16  
  98  6:18  Zergling x4  
  98  6:25  Zergling x4, Queen  
  91  6:27  Queen  
  91  6:28  Queen  
  91  6:31  Drone x4  
  97  6:36  Baneling Nest, Evolution Chamber  
  97  6:37  Evolution Chamber  
  97  6:39  Drone x6  
  100  6:44  Overlord  
  100  6:46  Drone x3  
  103  6:52  Zergling x2  
  103  7:02  Unknown, Drone x3  
  103  7:03  Zerg Melee Weapons Level 1, Drone x2, Zerg Ground Armor Level 1  
  103  7:05  Drone  
  108  7:10  Zergling x10  
  108  7:11  Overlord  
  113  7:17  Overlord  
  113  7:19  Zergling x14  
  113  7:20  Centrifugal Hooks  
  113  7:21  Burrow  
  113  7:22  Baneling x6  
  119  7:24  Zergling x4, Hatchery  
  119  7:29  Overlord  
  120  7:32  Baneling x5  
  120  7:39  Hatchery  
  120  7:41  Zergling x14  
  124  7:48  Zergling x18  
  131  7:53  Zergling x2  
  131  7:54  Zergling x8  
  131  7:58  Drone  
  137  8:00  Infestation Pit  
  137  8:02  Drone x2, Hydralisk Den  
  137  8:03  Spore Crawler  
  137  8:04  Baneling x6  
  137  8:05  Extractor  
  135  8:08  Overseer  
  135  8:09  Pneumatized Carapace  
  135  8:10  Overseer x2  
  135  8:15  Zergling x10  
  135  8:17  Baneling x4  
  140  8:28  Zergling x26  
  143  8:37  Zergling x14  
  143  8:44  Zergling x2  
  141  8:51  Grooved Spines  
  141  8:55  Drone  
  141  8:56  Drone x5  
  141  8:57  Drone  
  148  9:06  Drone x7  
  154  9:14  Baneling x4  
  154  9:15  Hydralisk x4, Baneling x10  
  154  9:16  Overlord  
  162  9:19  Extractor  
  162  9:20  Extractor, Spore Crawler  
  162  9:23  Drone x3  
  162  9:24  Drone x2  
  163  9:25  Overlord  
  163  9:26  Overlord  
  163  9:29  Overlord  
  161  9:32  Spore Crawler  
  161  9:33  Zergling x18  
  154  9:39  Queen  
  154  9:41  Drone x2  
  154  9:42  Drone x2, Muscular Augments  
  154  9:45  Hydralisk x6  
  155  9:56  Zergling x2  
  155  9:57  Zergling x28  
  166  10:07  Overlord  
  166  10:11  Zergling x18  
  171  10:16  Hydralisk  
  171  10:18  Zerg Melee Weapons Level 2, Zerg Ground Armor Level 2, Overlord x3  
  171  10:19  Hive  
  171  10:23  Spore Crawler  
  171  10:25  Spore Crawler  
  169  10:35  Baneling x19, Overlord x2  
  169  10:36  Zergling x32  
  169  10:41  Hatchery  
  184  10:48  Zergling x10  
  189  10:50  Zergling x8  
  193  10:57  Overlord  
  193  10:59  Baneling x12  
  193  11:00  Baneling x10  
  193  11:08  Zergling x28  
  166  11:15  Hydralisk x5  
  166  11:17  Hydralisk  
  170  11:26  Zergling x14  
  177  11:33  Adrenal Glands  
  177  11:36  Hydralisk x5  
  177  11:37  Ultralisk Cavern  
  177  11:39  Zergling x14  
  150  11:54  Zergling x24  
  150  11:57  Zergling x18  
  150  12:01  Baneling x12  
  165  12:05  Zergling x8  
  167  12:09  Zergling x6  
  167  12:14  Zergling x10  
  174  12:25  Drone x2  
  174  12:26  Drone x6, Chitinous Plating  
  155  12:38  Spore Crawler  
  155  12:40  Zergling x20  
  140  12:45  Zergling x18  
  140  12:47  Zergling x6  
  147  12:53  Zergling x4, Viper x2  
  155  13:06  Zergling x2  
  155  13:07  Zergling x16, Hatchery  
  155  13:10  Infestor x3  
  169  13:16  Zergling x2  
  170  13:20  Ultralisk  
  170  13:23  Overlord  
  175  13:28  Overseer  
  175  13:30  Baneling x11  
  175  13:33  Hydralisk x2  
  175  13:34  Hydralisk x3  
  175  13:35  Hydralisk  
  175  13:37  Zerg Missile Weapons Level 1  
  187  13:41  Baneling x10  
  187  13:45  Anabolic Synthesis  
  187  13:47  Ultralisk  
  193  13:54  Overlord  
  193  13:57  Zerg Ground Armor Level 3  
  193  14:05  Infestor  
  193  14:28  Zergling x2, Ultralisk  
  193  14:30  Infestor  
  197  14:43  Infestor x2  
  198  14:56  Baneling  
  198  14:57  Baneling x15  
  188  15:18  Zergling x8  
  188  15:19  Zergling x62  
  185  15:32  Zergling x16  
  175  15:46  Infestor  
  175  15:47  Infestor  
  175  15:48  Hydralisk  
  175  15:49  Hydralisk x6  
  171  15:57  Ultralisk x4  
  171  15:59  Zergling x6  
  171  16:02  Extractor  
  171  16:03  Extractor, Hatchery  
  195  16:04  Baneling x6  
  195  16:10  Hatchery  
  194  16:18  Zergling x12  
  194  16:28  Zergling x32  
  194  16:29  Zergling x2  
  190  16:37  Hydralisk x8  
  188  16:46  Zergling x34  
  195  16:48  Zergling x2